 Dungeon Crawl Stone Soup version 0.29-a0-993-g4a18f31a58 (webtiles) character file.

Game seed: 17222577078419503360

378 zeratav the Tainter (level 6, -1/36 HPs)
             Began as an Octopode Venom Mage on Aug 3, 2022.
             Slain by a bog mummy (17 damage)
             ... in an ossuary.
             The game lasted 00:06:44 (3917 turns).

zeratav the Tainter (Octopode Venom Mage)           Turns: 3917, Time: 00:06:44

Health: -1/36      AC:  1    Str:  7    XL:     6   Next: 74%
Magic:  8/9        EV: 13    Int: 25    God:
Gold:   138        SH:  0    Dex: 13    Spells: 2/9 levels left

rFire   . . .      SeeInvis .   h - +2 dagger (freeze) {short}
rCold   + . .      Faith    .   (no shield)
rNeg    . . .      Spirit   .   (helmet restricted)
rPois   .          Reflect  .   (no amulet)
rElec   .          Harm     .   g - +6 ring of intelligence
rCorr   +          Rampage  .   k - ring of protection from cold
Will    .....                   m - ring of resist corrosion
Stlth   ++++......              (no ring)
HPRegen 0.12/turn               (no ring)
MPRegen 0.11/turn               (no ring)
                                (no ring)
                                (no ring)

@: no status effects
A: almost no armour, amphibious, 8 rings, camouflage 1, gelatinous body 1,
(nimble swimmer 1), tentacles
a: no special abilities


You were in an ossuary.
You visited 1 branch of the dungeon, and saw 4 of its levels.
You also visited: Ossuary.

You collected 138 gold pieces.


Innate Abilities, Weirdness & Mutations

You cannot wear most types of armour.
You are amphibious.
You can wear up to eight rings at the same time.
Your skin changes colour to match your surroundings (Stealth+).
Your rubbery body absorbs attacks. (AC +1, EV +1)
((You are camouflaged when in or above water. (Stealth+)))
You have tentacles for arms and can constrict up to eight enemies at once.


   Skills:
 - Level 2.0 Dodging
 - Level 5.0 Stealth
 - Level 2.0 Spellcasting
 - Level 1.0 Transmutations
 + Level 8.1 Poison Magic


You had 2 spell levels left.
You knew the following spells:

 Your Spells              Type           Power      Damage    Failure   Level
a - Sting                 Tmut/Pois      100%       1d8       1%          1
b - Poisonous Vapours     Pois/Air       44%        N/A       3%          2
c - Olgreb's Toxic Radia  Pois           43%        N/A       4%          4

Your spell library contained the following spells:

 Spells                   Type           Power      Damage    Failure   Level
 Beastly Appendage        Tmut           14%        N/A       8%          1
 Freeze                   Ice            8%         1d3       11%         1
 Wereblood                Tmut           7%         N/A       11%         2
 Spider Form              Tmut/Pois      25%        N/A       5%          3
 Mephitic Cloud           Conj/Pois/Air  16%        N/A       11%         3
 Frozen Ramparts          Ice            4%         1d8       32%         3
 Hailstorm                Conj/Ice       2%         3d3       73%         4

Inventory:

Hand Weapons
 h - a +2 dagger of freezing (weapon) {short}
   (You took it off a goblin on level 1 of the Dungeon)
Jewellery
 g - a +6 ring of intelligence (left tentacle)
   (You found it on level 1 of the Dungeon)
 k - a ring of protection from cold (right tentacle)
   (You found it on level 2 of the Dungeon)
 m - a ring of resist corrosion (on tentacle)
   (You found it on level 2 of the Dungeon)
Scrolls
 p - a scroll of poison {!r}
 t - a scroll of brand weapon {unknown}
 w - a scroll of amnesia {unknown}
 x - a scroll of teleportation {unknown}
 y - a scroll of vulnerability {unknown}
Potions
 a - 2 potions of magic
 b - 2 potions of haste {@q3}
 c - 4 potions of mutation {!q}
 f - a potion of brilliance {unknown}
 j - a potion of berserk rage {unknown}
 n - a potion of ambrosia {unknown}
 r - a potion of curing {@q1}
 s - a potion of might {unknown}
 v - a potion of flight {unknown}
 z - a potion of heal wounds {unknown}

Dungeon Overview and Level Annotations

Branches:
Dungeon (4/15) Zot: 20154 Ossuary (1/1) Zot: 5929
 Temple: D:4-7

Altars:
Dithmenos
Fedhas
Kikubaaqudgha

Annotations:
D:2 1 exclusion, Terence

##### #∩..#
#.∩.# #.@.#
##M##
...........+
'#'#+#+#+#+#


You could see a bog mummy.


Message History

You lost 2 mp, and now have 7/9 mp.
Casting: Poisonous Vapours (safe; 3% risk of failure)
Confirm with . or Enter, or press ? or * to list all spells.
Aiming: Poisonous Vapours (safe; 3% risk of failure)
Press: ? - help, Dir - move target, p - iguana The spell fizzles.
MP[-2]
You lost 2 mp, and now have 5/9 mp.
Casting: Poisonous Vapours (safe; 3% risk of failure)
Confirm with . or Enter, or press ? or * to list all spells.
Aiming: Poisonous Vapours (safe; 3% risk of failure)
Press: ? - help, Dir - move target, f - iguana
Aim: an iguana (lightly wounded, very poisoned) Poisonous vapours surround the iguana!
The iguana looks as sick as possible!
MP[-2]
You lost 2 mp, and now have 3/9 mp.
Casting: Poisonous Vapours (safe; 3% risk of failure)
Confirm with . or Enter, or press ? or * to list all spells.
Aiming: Poisonous Vapours (safe; 3% risk of failure)
Press: ? - help, Dir - move target, f/p - iguana
Aim: an iguana (moderately wounded, extremely poisoned) Poisonous vapours surround the iguana!
The iguana looks as sick as possible!
HP[+1] MP[-2]
You lost 2 mp, and now have 1/9 mp.
MP[+1]
Casting: Poisonous Vapours (safe; 3% risk of failure)
Confirm with . or Enter, or press ? or * to list all spells.
Aiming: Sting (safe; 1% risk of failure)
Press: ? - help, Shift-Dir - straight line, f/p - iguana
Aim: an iguana (almost dead, extremely poisoned, 79% to hit)
The sting hits the iguana.
The iguana looks as sick as possible!
You kill the iguana!
MP[-1]
You lost 1 mp, and now have 1/9 mp.
You start resting.
A worm is nearby!
HP[+1] MP[+1]
Found a sand-covered staircase.
HP[+1]
An ufetubus comes into view.
You hear the rapid hiss of an avalanche of sand.
The ufetubus shouts!
You hear a shout!
A kobold comes into view. It is wielding a +0 dagger.
There is a sand-covered staircase here.
The world spins around you as you enter the gateway.
You enter an ossuary!
Found a gate leading back out of this place.
There is an empty arch of ancient stone here.
MP[+1]
You start resting.
A mummy opens the door.
HP[+7] MP[+6]
You regained 7 hp, and now have 30/36 hp.
Your mp is fully restored (9).
You hit the mummy. You freeze the mummy. Your grab misses the mummy.
You hit the mummy. You grab the mummy. You squeeze the mummy.
You constrict the mummy, but do no damage.
The mummy hits you.
HP[-4]
You take 4 damage, and now have 26/36 hp.
You hit the mummy. You constrict the mummy. You barely miss the mummy.
You squeeze the mummy, but do no damage.
You constrict the mummy. The mummy closely misses you.
You hit the mummy but do no damage.
You constrict the mummy, but do no damage.
The mummy misses you.
A mummy comes into view.
You hit the mummy. You constrict the mummy. You hit the mummy but do no damage.
You constrict the mummy.
You destroy the mummy!
Your Poison Magic skill increases to level 8!
HP[+1]
You hit the mummy. You grab the mummy. You constrict the mummy.
A bog mummy comes into view.
You hit the mummy. You constrict the mummy. The mummy hits you.
HP[-1]
You take 1 damage, and now have 26/36 hp.
You hit the mummy. You squeeze the mummy. You constrict the mummy.
The mummy escapes!
There is an open door here.
The mummy hits you!
* * * LOW HITPOINT WARNING * * *
HP[-11]
You take 11 damage, and now have 15/36 hp.
MASSIVE DAMAGE!! (PAUSE)
You hit the mummy. You grab the mummy. Your squeeze misses the mummy.
You constrict the mummy, but do no damage.
The bog mummy completely misses you.
You hit the mummy.
You destroy the mummy!
Casting: Sting (safe; 1% risk of failure)
Confirm with . or Enter, or press ? or * to list all spells.
Aiming: Sting (safe; 1% risk of failure)
Press: ? - help, Shift-Dir - straight line, f - bog mummy
Aim: a bog mummy (89% to hit)
The sting hits the bog mummy.
The bog mummy partially resists.
The bog mummy hits you!
You die...

Skill      XL: |  1  2  3  4  5  6 |
---------------+-------------------+-----
Stealth        | 3 4 5 |  5.0
Poison Magic   | 4 5 6 8 |  8.1
Dodging        | |  2.0
Spellcasting   | |  2.0
Transmutations | |  1.0

Action                   |  1- 3 |  4- 6 || total
-------------------------+-------+-------++-------
Melee: Dagger            |    45 |    68 ||   113
       Unarmed           |     4 |       ||     4
       Constrict         |    12 |    15 ||    27
       Tentacles         |    11 |    12 ||    23
 Cast: Sting             |    14 |    40 ||    54
       Poisonous Vapours |       |    11 ||    11
  Use: Scroll            |       |    11 ||    11
       Potion            |       |     1 ||     1
 Stab: Sleeping          |     4 |    10 ||    14
Armor: Skin              |     4 |     5 ||     9
Dodge: Dodged            |    32 |    34 ||    66

Levels and vault maps discovered:
D:1:      nicolae_arrival_washed_ashore, layout_rooms, basic_ecumenical_altar
D:2:      layout_loops_corners, uniq_terence, uniq_jessica
D:3:      layout_loops_ring, grunt_dithmenos_smoke,
          grunt_temple_overflow_growth_and_decay,
          hangedman_abyss_or_decor_stabs, st_stairs_9, minmay_joined_circles
D:4:      layout_loops_cross, tgw_xom, enter_ossuary_1, uniq_blork_the_orc,
          uniq_grinder, uniq_robin
Ossuary:  ossuary_zaba_flooded

Notes
Turn   | Place    | Note
-------+----------+-------------------------------------------
     0 | D:1      | zeratav the Octopode Venom Mage began the quest for the
                  | Orb.
     0 | D:1      | Reached XP level 1. HP: 11/11 MP: 3/3
     0 | D:1      | magus.rc [v1.9.6]
    99 | D:1      | Reached skill level 3 in Stealth
   250 | D:1      | Reached XP level 2. HP: 8/17 MP: 3/5
   254 | D:1      | Reached skill level 4 in Poison Magic
   688 | D:1      | Reached XP level 3. HP: 21/21 MP: 4/6
   715 | D:1      | Learned a level 2 spell: Poisonous Vapours
   737 | D:1      | Reached skill level 4 in Stealth
   894 | D:1      | Found a faded altar of an unknown god.
   933 | D:1      | You pick up a book of Changes and begin reading...
   933 | D:1      | You add the spells Beastly Appendage, Wereblood and Spider
                  | Form to your library.
  1417 | D:2      | Noticed Terence
  1528 | D:2      | Noticed Jessica
  1532 | D:2      | Killed Jessica
  1533 | D:2      | Reached skill level 5 in Poison Magic
  1533 | D:2      | Reached XP level 4. HP: 23/27 MP: 7/7
  1538 | D:2      | Reached skill level 5 in Stealth
  1951 | D:2      | You pick up a book of Frost and begin reading...
  1951 | D:2      | You add the spells Freeze, Frozen Ramparts and Hailstorm to
                  | your library.
  2114 | D:3      | HP: 6/27 [poisoned by an adder]
  2362 | D:3      | Reached XP level 5. HP: 24/31 MP: 3/8
  2743 | D:3      | Found an ancient bone altar of Kikubaaqudgha.
  2746 | D:3      | Found a blossoming altar of Fedhas.
  2958 | D:3      | Found a shadowy altar of Dithmenos.
  3274 | D:4      | Learned a level 4 spell: Olgreb's Toxic Radiance
  3274 | D:4      | Noticed a phantom
  3321 | D:4      | Noticed Blork the orc
  3326 | D:4      | Killed Blork the orc
  3327 | D:4      | Reached skill level 6 in Poison Magic
  3593 | D:4      | Noticed Robin
  3618 | D:4      | Killed Robin
  3622 | D:4      | Reached XP level 6. HP: 35/36 MP: 1/9
  3627 | D:4      | Reached skill level 7 in Poison Magic
  3699 | D:4      | HP: 9/36 [poisoned by an adder]
  3699 | D:4      | HP: 3/36 [hound (6)]
  3838 | D:4      | Found a sand-covered staircase.
  3847 | Ossuary  | Entered an ossuary
  3910 | Ossuary  | Reached skill level 8 in Poison Magic
  3917 | Ossuary  | Slain by a bog mummy

Vanquished Creatures
  Blork the orc (D:4)
  A scorpion (D:4)
  A hound (D:4)
  Jessica (D:2)
  An iguana (D:4)
  2 mummies (Ossuary)
  Robin (D:4)
  5 adders
  2 worms
  A dart slug (D:1)
  2 orcs (D:3)
  2 ball pythons (D:2)
  5 bats
  8 endoplasms
  2 giant cockroaches
  14 goblins
  10 hobgoblins
  3 jackals (D:3)
  7 kobolds
  3 quokkas (D:1)
  4 frilled lizards
  6 rats
82 creatures vanquished.

Vanquished Creatures (others)
  2 withered plants (Ossuary)
2 creatures vanquished.

Grand Total: 84 creatures vanquished

Table legend:
 A = Non-vault XP
 B = Vault XP
 C = Vault XP percentage of total XP
 D = Non-vault monster count
 E = Vault monster count
 F = Vault count percentage of total count
                 A         B        C        D         E       F
            +---------+---------+-------+---------+---------+-------
      Total |     284 |     256 |  47.4 |      51 |      31 |  37.8
            +---------+---------+-------+---------+---------+-------
        D:1 |      40 |       0 |   0.0 |      21 |       0 |   0.0
        D:2 |      55 |      37 |  40.2 |      17 |       1 |   5.6
        D:3 |      12 |      54 |  81.8 |       7 |      16 |  69.6
        D:4 |     177 |     129 |  42.2 |       6 |      12 |  66.7
    Ossuary |       0 |      36 | 100.0 |       0 |       2 | 100.0
            +---------+---------+-------+---------+---------+-------

Illustrated notes

Table legend:
 A = Kills in this place as a percentage of kills in entire the game.
 B = Kills by you in this place as a percentage of kills by you in the entire game.
 C = Kills by friends in this place as a percentage of kills by friends in the entire game.
 D = Other kills in this place as a percentage of other kills in the entire game.
 E = Experience gained in this place as a percentage of experience gained in the entire game.
 F = Experience gained in this place divided by the number of levels of this place that you have seen.
                   A       B       C       D       E      F
               +-------+-------+-------+-------+-------+----------------------
         Total | 100.0 | 100.0 |   N/A |   N/A | 100.0 | 108.0
       Dungeon |  97.6 |  97.6 |   N/A |   N/A |  93.3 | 126.0
       Ossuary |   2.4 |   2.4 |   N/A |   N/A |   6.7 |  36.0
               +-------+-------+-------+-------+-------+----------------------

Table legend: (Time is in decaauts)
 A = Elapsed time spent in this place.
 B = Non-inter-level travel time spent in this place.
 C = Inter-level travel time spent in this place.
 D = Time resting spent in this place.
 E = Time spent auto-exploring this place.
 F = Levels seen in this place.
 G = Mean time per level.
                   A        B        C        D        E       F      G
               +--------+--------+--------+--------+--------+-----+--------+
         Total |   3914 |   3806 |    108 |   1076 |   2062 |   5 |  782.8 |
       Dungeon |   3845 |   3737 |    108 |   1021 |   2062 |   4 |  961.2 |
       Ossuary |     69 |     69 |      0 |     55 |      0 |   1 |   69.0 |
               +--------+--------+--------+--------+--------+-----+--------+

Top non-repeatable levels by time:
     D:3: 1522 daAuts
     D:2: 1101 daAuts
     D:1: 943 daAuts
     D:4: 277 daAuts
 Ossuary: 69 daAuts
